 Dungeon Crawl Stone Soup version 0.21.1-1-g345015f (console) character file.

34 fly the Digger (level 3, -2/21 HPs)
             Began as an Octopode Earth Elementalist on June 3, 2018.
             Shot with a stone by a goblin (6 damage)
             ... on level 2 of the Dungeon.
             The game lasted 00:02:54 (1112 turns).

fly the Digger (Octopode Earth Elementalist)        Turns: 1112, Time: 00:02:55

Health: -2/21      AC:  1    Str:  7    XL:     3   Next: 31%
Magic:  3/6        EV: 13    Int: 18    God:
Gold:   38         SH:  0    Dex: 12    Spells: 5/6 levels left

rFire    . . .     SeeInvis .   (no weapon)
rCold    . . .     Gourm    .   (no shield)
rNeg     . . .     Faith    .   (helmet restricted)
rPois    .         Spirit   .   (no amulet)
rElec    .         Reflect  .   (no ring)
rCorr    .         Harm     .   (no ring)
MR       .....                  (no ring)
Stlth    +++.......             (no ring)
HPRegen  0.07/turn              (no ring)
MPRegen  0.10/turn              (no ring)
                                (no ring)
                                (no ring)

@: no status effects
A: almost no armour, stealthy swim, amphibious, 8 rings, constrict 8, camouflage
1, gelatinous body 1
a: no special abilities


You were on level 2 of the Dungeon.
You were hungry.

You visited 1 branch of the dungeon, and saw 2 of its levels.

You collected 38 gold pieces.

Inventory:

Missiles
 b - 29 stones (quivered)
Scrolls
 e - a scroll of identify {unknown}
 f - a scroll of magic mapping {unknown}
 g - a scroll of enchant weapon {unknown}
 k - a scroll of fear {unknown}
 l - a scroll of amnesia {unknown}
 m - 3 scrolls of remove curse {unknown}
Potions
 a - a potion of ambrosia {unknown}
 h - a potion of degeneration {unknown}
 i - a potion of curing {unknown}
 j - a potion of resistance {unknown}
 n - a potion of lignification {unknown}
 o - a potion of brilliance {unknown}
 p - a potion of agility {unknown}
Books
 d - a book of Geomancy

   Spells                             Type                      Level
   a - Sandblast                      Earth                        1
   b - Passwall                       Transmutation/Earth          2
   c - Stone Arrow                    Conjuration/Earth            3
   d - Petrify                        Transmutation/Earth          4
   e - Lee's Rapid Deconstruction     Earth                        5
Comestibles
 c - a ration


   Skills:
 - Level 2.0 Dodging
 - Level 2.6 Stealth
 - Level 2.0 Spellcasting
   Level 1.0 Transmutations
 + Level 4.3 Earth Magic


You had 5 spell levels left.
You knew the following spells:

 Your Spells              Type           Power        Failure   Level  Hunger
z - Sandblast             Erth           ###...       3%          1    #......


Dungeon Overview and Level Annotations

Branches:
Dungeon (2/15)

Altars:


Innate Abilities, Weirdness & Mutations

You cannot wear most types of armour.
You are very stealthy in the water. (Stealth+)
You are amphibious.
You can wear up to eight rings at the same time.
You can use your tentacles to constrict eight enemies at once.
Your skin changes colour to match your surroundings (Stealth+).
Your rubbery body absorbs attacks. (AC +1, EV +1)


Message History

Aim: a hound (lightly wounded)
The blast of sand hits the hound.
The hound is lightly wounded.
b - 30 stones The hound closely misses you.
Casting: Sandblast
Confirm with . or Enter, or press ? or * to list all spells.
Aiming: Sandblast
Press: ? - help, Shift-Dir - straight line, f/p - hound
Aim: a hound (lightly wounded)
The blast of sand hits the hound.
The hound is moderately wounded.
b - 29 stones The hound bites you.
* * * LOW HITPOINT WARNING * * *
The hound misses you. The hound bites you.
* * * LOW HITPOINT WARNING * * *
The goblin shoots a stone.
The stone hits you.
You die...

#<.........#
#..........#
#..........#
#..........#
##......<.##
#....>...##
#..........#
#..........#
#........@.# #
#........h.# .#
#..........## .# .
#..........####.###..
#......##.(.........
####.## #.(g.......#
... #...(...#.# >###
#....<..#
.............#


You could see a hound and a goblin.

Vanquished Creatures
  A dart slug (D:1)
  A leopard gecko (D:1)
  3 giant cockroaches (D:1)
  3 goblins (D:1)
  4 hobgoblins (D:1)
  3 jackals (D:1)
  4 bats (D:1)
  4 frilled lizards
  2 kobolds (D:1)
  3 rats
28 creatures vanquished.

Notes
Turn   | Place    | Note
-------+----------+-------------------------------------------
     0 | D:1      | fly the Octopode Earth Elementalist began the quest for the Orb.
     0 | D:1      | Reached XP level 1. HP: 11/11 MP: 3/3
    27 | D:1      | Reached XP level 2. HP: 10/17 MP: 0/5
   636 | D:1      | Reached skill level 4 in Earth Magic
   669 | D:1      | Reached XP level 3. HP: 13/21 MP: 6/6
  1112 | D:2      | Shot with a stone by a goblin

Skill      XL: |  1  2 |
---------------+-------+-----
Earth Magic    | 4 |  4.3
Dodging        | |  2.0
Stealth        | |  2.6
Spellcasting   | |  2.0
Transmutations | |  1.0

Action                   || total
-------------------------++-------
Melee: Unarmed           ||    54
       Constrict         ||    16
       Tentacles         ||     8
 Cast: Sandblast         ||    21
 Stab: Sleeping          ||     2
Armor: Skin              ||    11
Dodge: Dodged            ||    71
